 Dungeon Sprint DCSS version 0.19.4-8-ga85b6b9 (webtiles) character file.

234948 doot the Sabretooth (level 16, -2/100 HPs)
             Began as a Felid Berserker on Feb 14, 2017.
             Was the Champion of Trog.
             Slain by a golden dragon (10 damage)
             ... in the Dungeon (Sprint IX: "|||||||||||||||||||||||||||||").
             The game lasted 01:14:46 (12237 turns).

doot the Sabretooth (Felid Berserker)              Turns: 12237, Time: 01:14:49

Health: -2/100     AC:  3    Str: 11    XL:     16   Next: 97%
Magic:  43/43      EV: 44    Int: 11    God:    Trog [******]
Gold:   377        SH:  0    Dex: 26    Spells: 0 memorised, 15 levels left
                                        Lives:  0   Deaths: 5

rFire  x . .     SeeInvis +       - Unarmed
rCold  + + +     Gourm    .     (armour unavailable)
rNeg   . . .     Faith    .     (shield unavailable)
rPois  .         Spirit   .     (helmet unavailable)
rElec  .         Reflect  .     (cloak unavailable)
rCorr  .         Harm     .     (gloves unavailable)
MR     ++...     NoTele   +     (boots unavailable)
Stlth  ++++++++++               z - amulet of regeneration
                                H - ring "Pienioxa" {rC+ MP+9 Slay+3}
                                K - ring "Fofus" {Ice *Slow Dex+4 Slay+4 Stlth+}

@: exhausted, very slightly contaminated, slowed, slow
A: no armour, no weapons or thrown items, stealth, claws 1, fangs 3, horns 1,
see invisible, carnivore 3, clever 1, speed 1, shaggy fur 3, slow metabolism 1,
weak 1, sharp paws
a: Berserk, Trog's Hand, Brothers in Arms, Burn Spellbooks, Renounce Religion
}: 5/15 runes: decaying, serpentine, barnacled, silver, gossamer


You were in the Dungeon.
You worshipped Trog.
Trog was exalted by your worship.
You were not hungry.

You visited 1 branch You collected 1923 gold pieces.
You spent 1546 gold pieces at shops.

Inventory:

Hand Weapons
 o - a +5 sacred scourge of holy wrath
Jewellery
 k - a +3 ring of intelligence
 l - a +3 ring of strength
 t - an uncursed ring of protection from magic
 u - an uncursed ring of ice
 v - an uncursed ring of poison resistance
 w - a +6 ring of strength
 x - a +4 ring of protection
 y - a +6 ring of dexterity
 z - an amulet of regeneration (around neck)
 G - the ring of Umiyp {rPois Str+3 SInv Stlth+}
   (You found it in the Dungeon)

   [ring of poison resistance]

   It affects your strength (+3).
   It protects you from poison.
   It lets you see invisible.
   It makes you more stealthy.
 H - the ring "Pienioxa" (right paw) {rC+ MP+9 Slay+3}
   (You found it in the Dungeon)

   [ring of slaying]

   It affects your accuracy and damage with ranged weapons and melee attacks
   (+3).
   It protects you from cold.
   It affects your magic capacity (+9).
 I - the ring "Inamuik" {+Blink MP+9 Str-3 Int+3 Dex+6}
   (You found it in the Dungeon)

   [ring of intelligence]

   It affects your strength (-3).
   It affects your intelligence (+3).
   It affects your dexterity (+6).
   It affects your magic capacity (+9).
   It lets you blink.
 J - the ring of Xoda Lazeyrph {MR+ Str+2 Int+4 Dex-4 Slay+3}
   (You found it in the Dungeon)

   [ring of slaying]

   It affects your strength (+2).
   It affects your intelligence (+4).
   It affects your dexterity (-4).
   It affects your accuracy and damage with ranged weapons and melee attacks
   (+3).
   It affects your resistance to hostile enchantments.
 K - the ring "Fofus" (left paw) {Ice *Slow Dex+4 Slay+4 Stlth+}
   (You found it in the Dungeon)

   [ring of ice]

   It enhances your ice magic.
   It affects your dexterity (+4).
   It affects your accuracy and damage with ranged weapons and melee attacks
   (+4).
   It makes you vulnerable to fire.
   It protects you from cold.
   It may slow you when you take damage.
   It makes you more stealthy.
Wands
 j - a wand of acid (6/15)
 L - a wand of hasting (4/9)
Scrolls
 i - 7 scrolls of remove curse
 p - 4 scrolls of fog
 q - 5 scrolls of recharging
 r - 3 scrolls of fear
 A - 5 scrolls of identify
Potions
 b - 5 potions of curing
 c - 12 potions of heal wounds
 d - 4 potions of haste
 e - 5 potions of magic
 f - 2 potions of berserk rage
 h - a potion of invisibility
 m - 5 potions of brilliance
 n - 4 potions of might
Books
 B - the Catalogue of Self-Improvement and Arcane Weapons
   (You found it in the Dungeon)

   Spells                             Type                      Level
   a - Shroud of Golubria             Charms/Translocation         2
   b - Regeneration                   Charms/Necromancy            3
   c - Stone Arrow                    Conjuration/Earth            3
   d - Spectral Weapon                Hexes/Charms                 3
   e - Iskenderun's Mystic Blast      Conjuration                  4
   f - Irradiate                      Conjuration/Transmutation    5
   Trog disapproves of the use of such an item.
Miscellaneous
 C - a fan of gales
 D - a disc of storms
 E - a disc of storms
 F - a crystal ball of energy
Comestibles
 a - 9 meat rations
 s - a beef jerky


   Skills:
 O Level 27 Fighting
 O Level 27 Dodging
 O Level 27 Stealth
 O Level 27 Unarmed Combat
 O Level 27 Evocations


You had 15 spell levels left.
You didn't know any spells.

Dungeon Overview and Level Annotations

Branches:
Dungeon (1/1)

Altars:
Cheibriados
Dithmenos
Elyvilon
Fedhas
Gozag
Hepliaklqana
Kikubaaqudgha
Makhleb
Nemelex Xobeh
Okawaru
Qazlal
Ru
Sif Muna
Trog
Uskayaw
Vehumet
Xom
Yredelemnul
Zin
The Shining One
Beogh
Jiyva
Lugonu

Shops:
D :[?*


Innate Abilities, Weirdness & Mutations

You cannot wear armour.
You are incapable of wielding weapons or throwing items.
Your paws allow you to move quietly. (Stealth)
You have sharp claws.
You have razor-sharp teeth.
You have supernaturally acute eyesight. (SInv)
You are carnivorous and can eat meat at any time.
You cover ground quickly.
Your thick and shaggy fur keeps you warm. (AC +3, rC+)
You have a slow metabolism.
Your sharp claws are effective at attacking unaware monsters.
You have a pair of small horns on your head.
Your mind is acute. (Int +2)
You are weak. (Str -2)


Message History

You are very lightly contaminated with residual magic.
As you read the scroll of blinking, it crumbles to dust.
The electric golem blinks!
The golden dragon rages.
You mangle the golden dragon!! You headbutt the golden dragon.
The golden dragon is lightly wounded.
The electric golem blinks!
The golden dragon closely misses you. The golden dragon claws you!!
* * * LOW HITPOINT WARNING * * *
The golden dragon tramples you!
* * * LOW HITPOINT WARNING * * *
You stumble backwards!
Your iron troll goes berserk!
You feel somewhat more hungry.
The electric golem blinks!
The golden dragon completely misses you. x3
The electric golem hits your iron troll but does no damage. x2
The electric golem hits your iron troll. x2
The golden dragon completely misses you.
The golden dragon claws you!
You die...

.....'............)))))))...[[[[[
▓▓▓▓▓▓▓▓▓▓▓▓▓▓▓▓▓▓▓▓▓▓▓▓▓▓▓▓▓▓▓▓▓
.)..)..[......))...........[.....
▓▓▓▓▓▓▓▓▓▓▓▓▓▓▓▓▓▓▓▓▓▓▓▓▓▓▓▓▓▓▓▓▓
.))).))....[[.)[........')))))..[
▓▓▓▓▓▓▓▓▓▓▓▓▓▓▓▓▓▓▓▓▓▓▓▓▓▓▓▓▓▓▓▓▓
.................................
▓▓▓▓▓▓▓▓▓▓▓▓▓▓▓▓▓▓▓▓▓▓▓▓▓▓▓▓▓▓▓▓▓
.......'.......§@DT8§y.§.z§§z§§'.
▓▓▓▓▓▓▓▓▓▓▓▓▓▓▓▓▓▓▓▓▓▓▓▓▓▓▓▓▓▓▓▓▓


You could see an electric golem, a golden dragon (berserk), a moth of wrath and
a friendly iron troll (berserk).

Vanquished Creatures
  An orb of fire (D)
  3 ancient liches (D)
  Mennas (D)
  Xtahua (D)
  A Killer Klown (D)
  Frederick (D)
  5 golden dragons (D)
  An electric golem (D)
  12 Orb Guardians (D)
  4 tentacled monstrosities (D)
  A titan (D)
  3 quicksilver dragons (D)
  9 shadow dragons (D)
  2 tengu reavers (D)
  Donald (D)
  2 nagarajas (D)
  A storm dragon (D)
  2 draconian monks (D)
  2 frost giants (D)
  A fire giant (D)
  2 draconian knights (D)
  Louise (D)
  A vault warden (D)
  A draconian shifter (D)
  Aizul (D)
  3 ghost moths (D)
  5 emperor scorpions (D)
  3 draconian zealots (D)
  An ironheart preserver (D)
  2 very ugly things (D)
  A draconian caller (D)
  An entropy weaver (D)
  A stone giant (D)
  4 green draconians (D)
  6 purple draconians (D)
  2 black draconians (D)
  3 white draconians (D)
  3 mottled draconians (D)
  7 merfolk impalers (D)
  2 ogre magi (D)
  A great orb of eyes (D)
  3 yaktaur captains (D)
  5 ice dragons (D)
  A naga warrior (D)
  22 vault guards (D)
  A merfolk avatar (D)
  Erolcha (D)
  An alligator snapping turtle (D)
  A vampire mage (D)
  7 orc high priests (D)
  A tengu warrior (D)
  A shock serpent (D)
  Sonja (D)
  A glowing orange brain (D)
  A wizard (D)
  An unseen horror (D)
  2 deep elf archers (D)
  3 hill giants (D)
  2 ironbrand convokers (D)
  An orb spider (D)
  A harpy (D)
  A necromancer (D)
  6 wolf spiders (D)
  2 orc knights (D)
  2 manticores (D)
  A shining eye (shapeshifter) (D)
  A cyclops (D)
  8 moths of wrath (D)
  4 yaktaurs (D)
  A freezing wraith (D)
  A kobold demonologist (D)
  A komodo dragon (D)
  A merfolk (D)
  A wind drake (D)
  2 jumping spiders (D)
  2 hornets (D)
  A blink frog (D)
  A snapping turtle (D)
  3 redbacks (D)
  A water elemental (D)
  A hippogriff (D)
  Eustachio (D)
  A vampire (D)
  A yak (D)
  A hungry ghost (D)
  A soldier ant (D)
  2 porcupines (D)
  6 orc warriors (D)
  A centaur (D)
  2 ogres (D)
  2 bullfrogs (D)
  6 orc priests (D)
  3 orc wizards (D)
  A worker ant (D)
  2 adders (D)
  A worm (D)
  4 orcs (D)
  A bat simulacrum (D)
  A giant cockroach (D)
  A goblin (D)
  A hobgoblin (D)
  A jackal (D)
  A bat (D)
  A kobold (D)
245 creatures vanquished.

Vanquished Creatures (collateral kills)
  2 Orb Guardians (D)
  A sphinx (D)
  A draconian monk (D)
  4 nagarajas (D)
  Ilsuiw (D)
  2 fire giants (D)
  2 stone giants (D)
  2 very ugly things (D)
  A merfolk javelineer (D)
  A fire dragon (D)
  3 ettins (D)
  A merfolk impaler (D)
  Josephine (D)
  A rakshasa (D)
  A naga warrior (D)
  9 hydras (D)
  An ice dragon (D)
  3 vault guards (D)
  A tengu warrior (D)
  A deep troll shaman (D)
  A deep troll earth mage (D)
  A shock serpent (D)
  3 swamp dragons (D)
  A hill giant (D)
  2 orc knights (D)
  A necromancer (D)
  2 ugly things (D)
  A harpy (D)
  A wolf spider (D)
  An elephant (D)
  3 guardian serpents (D)
  3 naga magi (D)
  4 spiny frogs (D)
  A water nymph (D)
  A guardian mummy (D)
  A tengu conjurer (D)
  A yaktaur (D)
  A troll (shapeshifter) (D)
  2 merfolk (D)
  A polar bear (D)
  A troll (D)
  2 hornets (D)
  A wind drake (shapeshifter) (D)
  3 slime creatures (D)
  A blink frog (D)
  2 bog bodies (D)
  3 hippogriffs (D)
  A redback (shapeshifter) (D)
  A spriggan (D)
  5 wraiths (D)
  A vampire mosquito (D)
  2 wargs (D)
  3 hell hounds (D)
  4 nagas (D)
  A water moccasin (D)
  5 swamp drakes (D)
  4 orc warriors (D)
  A phantom (D)
  3 wolves (D)
  3 crocodiles (D)
  2 bullfrogs (D)
  2 orc wizards (D)
  An orc priest (D)
  3 orcs (D)
126 creatures vanquished.

Vanquished Creatures (others)
  A black mamba (D)
  A guardian serpent (D)
  A crimson imp (D)
3 creatures vanquished.

Grand Total: 374 creatures vanquished

Notes
Turn   | Place    | Note
-------+----------+-------------------------------------------
     0 | D        | doot the Felid Berserker began the quest for the Orb.
     0 | D        | Reached XP level 1. HP: 10/10 MP: 2/2
     7 | D        | Reached ** piety under Trog
    59 | D        | Noticed a worker ant
    59 | D        | Noticed an ogre
    63 | D        | Killed a worker ant
    63 | D        | Reached XP level 2. HP: 15/15 MP: 3/3
    63 | D        | Reached XP level 3. HP: 18/18 MP: 4/4
    66 | D        | Reached *** piety under Trog
    66 | D        | Reached skill level 1 in Stealth
    71 | D        | Reached skill level 5 in Unarmed Combat
    74 | D        | Killed an ogre
    74 | D        | Reached XP level 4. HP: 18/24 MP: 5/5
   205 | D        | Found a roughly hewn altar of Beogh.
   205 | D        | Found a snail-covered altar of Cheibriados.
   205 | D        | Found a shadowy altar of Dithmenos.
   205 | D        | Found a white marble altar of Elyvilon.
   205 | D        | Found a blossoming altar of Fedhas.
   205 | D        | Found an opulent altar of Gozag.
   206 | D        | Found a hazy altar of Hepliaklqana.
   207 | D        | Found a viscous altar of Jiyva.
   208 | D        | Found an ancient bone altar of Kikubaaqudgha.
   209 | D        | Found a corrupted altar of Lugonu.
   210 | D        | Found a burning altar of Makhleb.
   211 | D        | Found a sparkling altar of Nemelex Xobeh.
   212 | D        | Found an iron altar of Okawaru.
   213 | D        | Found a stormy altar of Qazlal.
   214 | D        | Found a sacrificial altar of Ru.
   215 | D        | Found a deep blue altar of Sif Muna.
   216 | D        | Found a bloodstained altar of Trog.
   217 | D        | Found a hide-covered altar of Uskayaw.
   218 | D        | Found a radiant altar of Vehumet.
   219 | D        | Found a shimmering altar of Xom.
   220 | D        | Found a basalt altar of Yredelemnul.
   221 | D        | Found a glowing silver altar of Zin.
   222 | D        | Found a glowing golden altar of the Shining One.
   249 | D        | Noticed a hill giant
   249 | D        | Noticed a bullfrog
   249 | D        | Noticed a phantom
   249 | D        | Noticed a hill giant
   251 | D        | Reached **** piety under Trog
   259 | D        | Killed a hill giant
   259 | D        | Reached skill level 10 in Unarmed Combat
   259 | D        | Reached XP level 5. HP: 20/30 MP: 6/6
   259 | D        | Gained mutation: You are covered in thick fur. (AC +2) [Felid growth]
   259 | D        | Reached XP level 6. HP: 23/34 MP: 7/7
   259 | D        | Reached XP level 7. HP: 25/37 MP: 8/8
   268 | D        | Killed a hill giant
   268 | D        | Reached skill level 10 in Fighting
   268 | D        | Reached XP level 8. HP: 7/43 MP: 9/9
   270 | D        | Reached ***** piety under Trog
   713 | D        | Noticed a hippogriff
   713 | D        | Noticed a blink frog
   713 | D        | Noticed a spiny frog
   713 | D        | Noticed a blink frog
   716 | D        | Killed a hippogriff
   719 | D        | Killed a blink frog
   719 | D        | Reached XP level 9. HP: 48/48 MP: 10/10
   722 | D        | Noticed a polar bear
   722 | D        | Killed a spiny frog
   722 | D        | Reached skill level 5 in Stealth
   724 | D        | Reached ****** piety under Trog
   726 | D        | Killed a polar bear
   738 | D        | Noticed a spiny frog
   738 | D        | Noticed an elephant
   744 | D        | Killed a spiny frog
   745 | D        | Killed an elephant
   758 | D        | Reached skill level 15 in Unarmed Combat
   759 | D        | Noticed a komodo dragon
   904 | D        | Killed a komodo dragon
   940 | D        | Reached XP level 10. HP: 17/53 MP: 11/11
  1179 | D        | Noticed Josephine
  1187 | D        | Reached skill level 15 in Dodging
  1189 | D        | Noticed Sonja
  1198 | D        | Killed Josephine
  1225 | D        | Killed Sonja
  1416 | D        | Noticed Eustachio
  1425 | D        | Killed Eustachio
  1445 | D        | Noticed Erolcha
  1463 | D        | Killed Erolcha
  1730 | D        | Noticed an orc knight
  1738 | D        | Noticed an orc knight
  1738 | D        | Killed an orc knight
  1748 | D        | Killed an orc knight
  1753 | D        | Noticed an orc knight
  1758 | D        | Noticed an orc high priest
  1762 | D        | Noticed an orange demon
  1763 | D        | Noticed a sun demon
  1764 | D        | Killed an orc knight
  1766 | D        | Reached skill level 10 in Stealth
  1776 | D        | Killed an orc high priest
  1776 | D        | Reached XP level 11. HP: 57/57 MP: 12/12
  1997 | D        | Found Zumeoliwy's Book Emporium.
  1997 | D        | Noticed an orc high priest
  1997 | D        | Noticed an orc high priest
  1999 | D        | Killed an orc high priest
  2000 | D        | Noticed a sixfirhy
  2003 | D        | Found Meemm's Armour Shoppe.
  2003 | D        | Noticed an orc high priest
  2015 | D        | Killed an orc high priest
  2021 | D        | Found Exaawe's Magic Scroll Emporium.
  2026 | D        | Found Qyipaung's General Store.
  2027 | D        | HP: 3/85 [orc priest/divine providence (9)]
  2030 | D        | Killed an orc high priest
  2039 | D        | Killed from afar by an orc priest
  2040 | D        | Reached XP level 10. HP: -9/54 MP: 11/11
  2126 | D        | Noticed an orc high priest
  2126 | D        | Noticed an orc high priest
  2128 | D        | Killed an orc high priest
  2131 | D        | Noticed an orc high priest
  2141 | D        | Killed an orc high priest
  2142 | D        | Noticed an orange demon
  2144 | D        | Noticed a sixfirhy
  2144 | D        | Noticed a smoke demon
  2145 | D        | Killed an orc high priest
  2181 | D        | Bought a manual of Stealth for 1324 gold pieces
  2198 | D        | Bought a scroll of fear for 49 gold pieces
  2198 | D        | Bought a scroll of blinking for 105 gold pieces
  2198 | D        | Bought a scroll of fog for 28 gold pieces
  2200 | D        | Bought a potion of agility for 40 gold pieces
  2355 | D        | Noticed an eight-headed hydra
  2364 | D        | Killed an eight-headed hydra
  2364 | D        | Reached XP level 11. HP: 58/58 MP: 12/12
  2367 | D        | Noticed a rakshasa
  2372 | D        | Killed a rakshasa
  2380 | D        | Noticed an ettin
  2390 | D        | Noticed a frost giant
  2398 | D        | Killed an ettin
  2398 | D        | Reached skill level 15 in Stealth
  2404 | D        | Noticed a vampire mage
  2418 | D        | Killed a frost giant
  2423 | D        | Killed a vampire mage
  2428 | D        | Noticed a deep troll shaman
  2437 | D        | Killed a deep troll shaman
  2604 | D        | Noticed a spriggan rider
  2611 | D        | Noticed a six-headed hydra
  2616 | D        | Killed a six-headed hydra
  2636 | D        | Noticed a merfolk avatar
  2917 | D        | Killed a merfolk avatar
  2919 | D        | Noticed an alligator snapping turtle
  2992 | D        | Killed an alligator snapping turtle
  3081 | D        | Noticed a nagaraja
  3081 | D        | Noticed a shock serpent
  3095 | D        | Killed a nagaraja
  3095 | D        | Gained mutation: Your thick and shaggy fur keeps you warm. (AC +3, rC+) [Felid growth]
  3095 | D        | Reached XP level 12. HP: 39/61 MP: 13/13
  3489 | D        | Blown up by an orb spider
  3490 | D        | Reached XP level 11. HP: -14/58 MP: 12/12
  3701 | D        | Killed an orb spider
  3743 | D        | Noticed Aizul
  3750 | D        | Killed Aizul
  3759 | D        | Noticed Donald
  3766 | D        | Killed Donald
  3825 | D        | Noticed an ettin
  3825 | D        | Noticed a sphinx
  3825 | D        | Noticed a cyan very ugly thing
  3825 | D        | Noticed an ettin
  3825 | D        | Noticed a tengu warrior
  3838 | D        | Killed an ettin
  3841 | D        | Killed a sphinx
  3843 | D        | Killed a cyan very ugly thing
  3847 | D        | Killed an ettin
  3847 | D        | Reached XP level 12. HP: 35/63 MP: 13/13
  3848 | D        | Killed a tengu warrior
  3856 | D        | Noticed a deep troll earth mage
  3862 | D        | Noticed a purple very ugly thing
  3863 | D        | Killed a deep troll earth mage
  3866 | D        | Killed a purple very ugly thing
  3871 | D        | Noticed a stone giant
  3872 | D        | Noticed a fire giant
  4190 | D        | Killed a stone giant
  4245 | D        | Noticed an ice dragon
  4407 | D        | Killed a fire giant
  4595 | D        | Killed an ice dragon
  4614 | D        | Noticed an ice dragon
  4806 | D        | Noticed a stone giant
  4814 | D        | Killed an ice dragon
  4819 | D        | Killed a stone giant
  4839 | D        | Noticed an ironheart preserver
  5192 | D        | Killed an ironheart preserver
  5227 | D        | Noticed a fire giant
  5235 | D        | Noticed a tengu reaver
  5235 | D        | Killed a fire giant
  5478 | D        | Noticed an ogre mage
  5481 | D        | Noticed a merfolk impaler
  5481 | D        | Noticed a mottled draconian caller
  5493 | D        | Noticed a quicksilver dragon
  5597 | D        | Killed a mottled draconian caller
  5597 | D        | Reached XP level 13. HP: 57/66 MP: 14/14
  5607 | D        | Killed a merfolk impaler
  5616 | D        | Killed a tengu reaver
  5929 | D        | Noticed Xtahua
  5944 | D        | Killed Xtahua
  5989 | D        | Noticed Frederick
  5996 | D        | Killed Frederick
  5996 | D        | Reached skill level 27 in Unarmed Combat
  6191 | D        | Noticed a merfolk impaler
  6191 | D        | Noticed a merfolk impaler
  6191 | D        | Noticed a merfolk impaler
  6191 | D        | Noticed a merfolk impaler
  6191 | D        | Noticed a merfolk impaler
  6192 | D        | Noticed Ilsuiw
  6193 | D        | Killed a merfolk impaler
  6199 | D        | Killed a merfolk impaler
  6251 | D        | Killed a merfolk impaler
  6260 | D        | Killed a merfolk impaler
  6270 | D        | Killed a merfolk impaler
  6304 | D        | Killed Ilsuiw
  6322 | D        | Noticed a merfolk javelineer
  6324 | D        | Noticed a merfolk impaler
  6332 | D        | Killed a merfolk javelineer
  6333 | D        | Noticed a merfolk impaler
  6377 | D        | Killed a merfolk impaler
  6377 | D        | Reached XP level 14. HP: 70/70 MP: 15/15
  6415 | D        | Got a barnacled rune of Zot
  6422 | D        | Noticed a ghost moth
  6422 | D        | Noticed an emperor scorpion
  6422 | D        | Noticed an emperor scorpion
  6422 | D        | Noticed an emperor scorpion
  6504 | D        | Killed a ghost moth
  6610 | D        | Noticed a ghost moth
  6611 | D        | Noticed a ghost moth
  6639 | D        | Killed an emperor scorpion
  6739 | D        | Noticed an emperor scorpion
  6741 | D        | Killed an emperor scorpion
  6771 | D        | Killed an emperor scorpion
  6771 | D        | Reached skill level 27 in Stealth
  6878 | D        | Killed a ghost moth
  6935 | D        | Killed a ghost moth
  7010 | D        | Noticed an emperor scorpion
  7015 | D        | Killed an emperor scorpion
  7019 | D        | Killed an emperor scorpion
  7032 | D        | Got a gossamer rune of Zot
  7058 | D        | Noticed a nagaraja
  7059 | D        | Noticed a nagaraja
  7060 | D        | Killed a nagaraja
  7153 | D        | Killed a nagaraja
  7173 | D        | Reached skill level 15 in Fighting
  7175 | D        | Noticed a nagaraja
  7177 | D        | Killed a nagaraja
  7190 | D        | Noticed a nagaraja
  7192 | D        | Noticed a nagaraja
  7194 | D        | Got a serpentine rune of Zot
  7206 | D        | Killed a nagaraja
  7208 | D        | Killed a nagaraja
  7345 | D        | Got a decaying rune of Zot
  7381 | D        | Noticed Mennas
  7413 | D        | HP: 3/109 [Mennas/sacred scourge of holy wrath (21)]
  7415 | D        | Mangled by Mennas
  7416 | D        | Reached XP level 13. HP: -7/103 MP: 14/14
  7724 | D        | Slain by Mennas
  7725 | D        | Reached XP level 12. HP: 0/66 MP: 13/13
  7739 | D        | Killed Mennas
  7739 | D        | Reached XP level 13. HP: 71/71 MP: 14/14
  7943 | D        | Reached skill level 27 in Dodging
  7943 | D        | Reached skill level 1 in Evocations
  8473 | D        | Reached XP level 14. HP: 81/81 MP: 16/18
  8524 | D        | Noticed an entropy weaver
  8524 | D        | Noticed a vault warden
  8524 | D        | Noticed an ancient lich
  8574 | D        | Killed an entropy weaver
  8625 | D        | Killed a vault warden
  8635 | D        | Noticed a stone giant
  8648 | D        | Noticed a Brimstone Fiend
  8651 | D        | Killed a stone giant
  8756 | D        | Killed an ancient lich
  8808 | D        | Noticed a fire giant
  8813 | D        | Noticed a shadow dragon
  8815 | D        | Noticed a shadow dragon
  8816 | D        | Killed a fire giant
  9142 | D        | Killed a shadow dragon
  9182 | D        | Noticed a tengu reaver
  9188 | D        | Killed a shadow dragon
  9190 | D        | Killed a tengu reaver
  9219 | D        | Noticed a shadow dragon
  9219 | D        | Noticed a quicksilver dragon
  9219 | D        | Noticed a shadow dragon
  9219 | D        | Noticed a quicksilver dragon
  9219 | D        | Noticed a shadow dragon
  9220 | D        | Noticed a golden dragon
  9224 | D        | Noticed a shadow dragon
  9271 | D        | Killed a shadow dragon
  9291 | D        | Killed a shadow dragon
  9294 | D        | Killed a golden dragon
  9300 | D        | Killed a quicksilver dragon
  9305 | D        | Killed a quicksilver dragon
  9305 | D        | Reached XP level 15. HP: 51/94 MP: 19/19
  9418 | D        | Killed a shadow dragon
  9458 | D        | Noticed a titan
  9494 | D        | Killed a shadow dragon
  9501 | D        | Killed a titan
  9501 | D        | Reached skill level 27 in Fighting
  9581 | D        | Identified the Catalogue of Self-Improvement and Arcane Weapons
  9584 | D        | Got a silver rune of Zot
  9623 | D        | Noticed Louise
  9631 | D        | Killed Louise
  9732 | D        | Got the ring of Umiyp {rPois Str+3 SInv Stlth+}
  9734 | D        | Got the ring "Pienioxa" {rC+ MP+9 Slay+3}
  9736 | D        | Got the ring "Inamuik" {+Blink MP+9 Str-3 Int+3 Dex+6}
  9738 | D        | Got the ring of Xoda Lazeyrph {MR+ Str+2 Int+4 Dex-4 Slay+3}
  9740 | D        | Got the ring "Fofus" {Ice *Slow Dex+4 Slay+4 Stlth+}
  9881 | D        | Noticed a frost giant
  9897 | D        | Reached skill level 10 in Evocations
  9905 | D        | Killed a frost giant
 10026 | D        | Gained mutation: You have a pair of small horns on your head. [mutagenic meat]
 10027 | D        | Gained mutation: You are weak. (Str -2) [mutagenic meat]
 10028 | D        | Gained mutation: Your mind is acute. (Int +2) [mutagenic meat]
 10031 | D        | Noticed a storm dragon
 10079 | D        | Reached skill level 15 in Evocations
 10087 | D        | Killed a storm dragon
 10489 | D        | Noticed a quicksilver dragon
 10489 | D        | Noticed a tentacled monstrosity
 10505 | D        | Killed a tentacled monstrosity
 10519 | D        | Killed a quicksilver dragon
 10580 | D        | Noticed a tentacled monstrosity
 10580 | D        | Noticed a golden dragon
 10580 | D        | Noticed a yellow draconian monk
 10580 | D        | Noticed a mottled draconian knight
 10581 | D        | Noticed a golden dragon
 10585 | D        | Killed a tentacled monstrosity
 10673 | D        | Killed a golden dragon
 10673 | D        | Reached XP level 16. HP: 100/100 MP: 32/32
 10908 | D        | Killed a golden dragon
 10961 | D        | Noticed a shadow dragon
 10961 | D        | Noticed a shadow dragon
 10962 | D        | Noticed a tentacled monstrosity
 11104 | D        | Killed a shadow dragon
 11150 | D        | Killed a tentacled monstrosity
 11172 | D        | Killed a shadow dragon
 11273 | D        | Noticed a golden dragon
 11274 | D        | Noticed a shadow dragon
 11306 | D        | Reached skill level 27 in Evocations
 11312 | D        | Killed a golden dragon
 11320 | D        | HP: 3/150 [shadow dragon (14)]
 11320 | D        | Slain by a shadow dragon
 11321 | D        | Reached XP level 15. HP: -2/142 MP: 42/42
 11564 | D        | Killed a shadow dragon
 11609 | D        | Killed a mottled draconian monk
 11625 | D        | Noticed a white draconian knight
 11641 | D        | Killed a white draconian knight
 11896 | D        | Noticed an Orb Guardian
 11896 | D        | Noticed an Orb Guardian
 11896 | D        | Noticed an Orb Guardian
 11896 | D        | Noticed an Orb Guardian
 11896 | D        | Noticed an Orb Guardian
 11896 | D        | Noticed an Orb Guardian
 11908 | D        | Killed an Orb Guardian
 11910 | D        | Killed an Orb Guardian
 11916 | D        | Killed an Orb Guardian
 11922 | D        | Killed an Orb Guardian
 11949 | D        | Noticed an Orb Guardian
 11950 | D        | Noticed an Orb Guardian
 11951 | D        | Noticed an Orb Guardian
 11952 | D        | Noticed an Orb Guardian
 11954 | D        | Killed an Orb Guardian
 11956 | D        | Killed an Orb Guardian
 11972 | D        | Killed an Orb Guardian
 12052 | D        | Killed an Orb Guardian
 12052 | D        | Reached XP level 16. HP: 100/100 MP: 34/34
 12054 | D        | Killed an Orb Guardian
 12056 | D        | Killed an Orb Guardian
 12058 | D        | Noticed a tentacled monstrosity
 12058 | D        | Noticed an Orb Guardian
 12058 | D        | Noticed an Orb Guardian
 12059 | D        | Noticed an Orb Guardian
 12060 | D        | Killed a tentacled monstrosity
 12061 | D        | Noticed an Orb Guardian
 12064 | D        | Killed an Orb Guardian
 12075 | D        | Killed an Orb Guardian
 12163 | D        | Killed an Orb Guardian
 12166 | D        | Killed an Orb Guardian
 12169 | D        | Noticed an ancient lich
 12171 | D        | Killed an ancient lich
 12173 | D        | Noticed an orb of fire
 12175 | D        | Killed an orb of fire
 12177 | D        | Noticed an electric golem
 12179 | D        | Killed an electric golem
 12181 | D        | Noticed a Killer Klown
 12181 | D        | Noticed a golden dragon
 12181 | D        | Noticed a golden dragon
 12181 | D        | Noticed a curse toe
 12182 | D        | Noticed an ancient lich
 12183 | D        | Killed a Killer Klown
 12209 | D        | Killed a golden dragon
 12218 | D        | Noticed a Brimstone Fiend
 12228 | D        | Killed an ancient lich
 12230 | D        | Noticed an electric golem
 12237 | D        | Slain by a golden dragon

Skill      XL: |  1  2  3  4  5  6  7  8  9 10 11 12 13 14 15 16 |
---------------+-------------------------------------------------+-----
Fighting       | 4 6 8 10 11 12 13 16 20 26 27 | 27.0
Dodging        | 6 8 11 12 13 14 17 26 27 25 | 27.0
Unarmed Combat | 4 6 10 12 13 15 19 23 25 27 | 27.0
Stealth        | 1 3 4 6 13 21 22 25 27 | 27.0
Evocations     | 4 22 27 | 27.0

Action                   |  1- 3 |  4- 6 |  7- 9 | 10-12 | 13-15 | 16-18 || total
-------------------------+-------+-------+-------+-------+-------+-------++-------
Melee: Unarmed           |    19 |     8 |    40 |   223 |   569 |   112 ||   971
       Punch             |     1 |       |     7 |    31 |    88 |    17 ||   144
       Bite              |     1 |     2 |     3 |    32 |   108 |    24 ||   170
       Headbutt          |       |       |       |       |    54 |    31 ||    85
Invok: Berserk           |     2 |     1 |     2 |    13 |    18 |     3 ||    39
       Brothers in Arms  |       |       |     3 |    26 |    21 |     4 ||    54
Evoke: Wand              |       |       |       |       |     2 |       ||     2
  Use: Scroll            |       |       |       |     1 |     3 |     3 ||     7
       Potion            |       |       |       |       |    10 |     1 ||    11
 Stab: Sleeping          |       |       |     1 |     6 |    19 |    13 ||    39
       Distracted        |       |       |       |    10 |     7 |     2 ||    19
  Eat: Chunk             |     3 |     2 |     1 |    17 |    20 |       ||    43
       Pizza             |       |       |       |     1 |       |       ||     1
       Meat ration       |       |       |       |     2 |     2 |       ||     4
Armor: Skin              |       |       |       |       |     7 |     1 ||     8
Dodge: Dodged            |     9 |     4 |    24 |   154 |   383 |    83 ||   657
